TOP OF THE 1ST |
Bishop Gorman HS batting - Pitching for Butler HS Golden Tornado : RHP Matt Hoffman
|
Pitching: RHP Matt Hoffman
|
|
Batting: LHB Zhen-bang Rao
|
0-0: Called Strike 0-1: Ball 1-1: Swinging Strike 1-2: Foul Ball, location: 2F 1-2: Ball 2-2: Ball 3-2: Ground out 1-3 (Groundball, 13S)
|
Batting: RHB Bryan Martínez
|
0-0: Swinging Strike 0-1: Foul Ball, location: 2F 0-2: Ball 1-2: Strikes out swinging
|
Batting: RHB Gary Robinson
|
0-0: Called Strike 0-1: Swinging Strike 0-2: Ball 1-2: Ball 2-2: Ball 3-2: Strikes out swinging
|
Top of the 1st over - 0 run(s), 0 hit(s), 0 error(s), 0 left on base; Bishop Gorman HS 0 - Butler HS 0 |
BOTTOM OF THE 1ST |
Butler HS Golden Tornado batting - Pitching for Bishop Gorman HS : RHP Bryan Bray
|
Pitching: RHP Bryan Bray
|
|
Batting: RHB Eddie Woods
|
0-0: Ball 1-0: Foul Ball, location: 2F 1-1: Swinging Strike 1-2: Foul Ball, location: 2F 1-2: Ball 2-2: Foul Ball, location: 2F 2-2: Ball 3-2: Fly out, F8 (Flyball, 8LS)
|
Batting: LHB Byron McIlmoyle
|
0-0: Called Strike 0-1: Called Strike 0-2: Foul Ball, location: 2F 0-2: Ball 1-2: Ball 2-2: Foul Ball, location: 2F 2-2: Foul Ball, location: 2F 2-2: Strikes out swinging
|
Batting: RHB Rafael Barajas
|
0-0: Ball 1-0: Called Strike 1-1: Called Strike 1-2: SINGLE (Groundball, 5D)
|
Batting: LHB Jérémie Rivard
|
0-0: Called Strike 0-1: Swinging Strike 0-2: Ball 1-2: Foul Ball, location: 2F 1-2: Strikes out swinging
|
Bottom of the 1st over - 0 run(s), 1 hit(s), 0 error(s), 1 left on base; Bishop Gorman HS 0 - Butler HS 0 |
TOP OF THE 2ND |
Bishop Gorman HS batting - Pitching for Butler HS Golden Tornado : RHP Matt Hoffman
|
Batting: LHB Jean-Sébastien Beaudin
|
0-0: Ball 1-0: Foul Ball, location: 2F 1-1: Foul Ball, location: 2F 1-2: Foul Ball, location: 2F 1-2: Strikes out swinging
|
Batting: RHB Max Kimball
|
0-0: Ball 1-0: Ball 2-0: Ball 3-0: Base on Balls
|
Batting: RHB Steve Murphy
|
0-0: Ball 1-0: Ball 2-0: Swinging Strike 2-1: Foul Ball, location: 2F 2-2: Foul Ball, location: 2F 2-2: Foul Ball, location: 2F 2-2: Foul Ball, location: 2F 2-2: Foul Ball, location: 2F 2-2: Strikes out swinging
|
Batting: LHB Jack Jefferson
|
0-0: Swinging Strike 0-1: Ball 1-1: Ball 2-1: Swinging Strike 2-2: Foul Ball, location: 2F 2-2: Ball 3-2: Foul Ball, location: 2F 3-2: Strikes out swinging
|
Top of the 2nd over - 0 run(s), 0 hit(s), 0 error(s), 1 left on base; Bishop Gorman HS 0 - Butler HS 0 |
BOTTOM OF THE 2ND |
Butler HS Golden Tornado batting - Pitching for Bishop Gorman HS : RHP Bryan Bray
|
Batting: SHB Bruce MacPherson
|
0-0: Ball 1-0: Ball 2-0: Ball 3-0: Foul Ball, location: 2F 3-1: Foul Ball, location: 2F 3-2: Base on Balls
|
Batting: LHB Curtis Hudson
|
Pickoff Throw to First - Out! 0-0: Called Strike 0-1: Ball 1-1: Ball 2-1: Swinging Strike 2-2: Ball 3-2: Base on Balls
|
Batting: LHB Dave Reynolds
|
0-0: Fly out, F4 (Popup, 4D)
|
Batting: RHB José López
|
0-0: Ball 1-0: Foul Ball, location: 2F 1-1: Swinging Strike 1-2: Ball 2-2: Ball 3-2: Foul Ball, location: 2F 3-2: Strikes out swinging
|
Bottom of the 2nd over - 0 run(s), 0 hit(s), 0 error(s), 1 left on base; Bishop Gorman HS 0 - Butler HS 0 |
TOP OF THE 3RD |
Bishop Gorman HS batting - Pitching for Butler HS Golden Tornado : RHP Matt Hoffman
|
Batting: RHB Andy Johnston
|
0-0: Swinging Strike 0-1: Ball 1-1: Swinging Strike 1-2: Strikes out looking
|
Batting: LHB Bill Green
|
0-0: Swinging Strike 0-1: Ball 1-1: Foul Ball, location: 2F 1-2: Ball 2-2: Foul Ball, location: 2F 2-2: Strikes out swinging
|
Batting: LHB Zhen-bang Rao
|
0-0: Called Strike 0-1: Foul Ball, location: 2F 0-2: Ball 1-2: Foul Ball, location: 2F 1-2: Ground out 4-3 (Groundball, 34)
|
Top of the 3rd over - 0 run(s), 0 hit(s), 0 error(s), 0 left on base; Bishop Gorman HS 0 - Butler HS 0 |
BOTTOM OF THE 3RD |
Butler HS Golden Tornado batting - Pitching for Bishop Gorman HS : RHP Bryan Bray
|
Batting: RHB Jimmy Myers
|
0-0: Ball 1-0: Ball 2-0: DOUBLE (Groundball, 5L)
|
Batting: RHB Eddie Woods
|
0-0: Foul Ball, location: 2F 0-1: Ball 1-1: Swinging Strike 1-2: Strikes out swinging
|
Batting: LHB Byron McIlmoyle
|
0-0: Fly out, F8 (Flyball, 8LM)
|
Batting: RHB Rafael Barajas
|
0-0: Ball 1-0: Called Strike 1-1: Ball 2-1: Swinging Strike 2-2: Ball 3-2: Base on Balls
|
Batting: LHB Jérémie Rivard
|
0-0: Ball 1-0: Swinging Strike 1-1: Called Strike 1-2: Strikes out swinging
|
Bottom of the 3rd over - 0 run(s), 1 hit(s), 0 error(s), 2 left on base; Bishop Gorman HS 0 - Butler HS 0 |
TOP OF THE 4TH |
Bishop Gorman HS batting - Pitching for Butler HS Golden Tornado : RHP Matt Hoffman
|
Batting: RHB Bryan Martínez
|
0-0: Called Strike 0-1: Foul Ball, location: 2F 0-2: Ball 1-2: SINGLE (Line Drive, 56)
|
Batting: RHB Gary Robinson
|
0-0: Ball 1-0: Ball 2-0: Called Strike 2-1: Swinging Strike 2-2: Strikes out swinging
|
Batting: LHB Jean-Sébastien Beaudin
|
0-0: Swinging Strike 0-1: Foul Ball, location: 2F 0-2: Strikes out swinging
|
Batting: RHB Max Kimball
|
0-0: Foul Ball, location: 2F 0-1: Swinging Strike 0-2: DOUBLE (Flyball, 9LD) Bryan Martínez to third Runner from 3rd tries for Home, SAFE, throw made home
|
Batting: RHB Steve Murphy
|
0-0: SINGLE (Line Drive, 78M) Max Kimball to third
|
Batting: LHB Jack Jefferson
|
0-0: Ball 1-0: Ground out 1-3 (Groundball, 15S)
|
Top of the 4th over - 1 run(s), 3 hit(s), 0 error(s), 2 left on base; Bishop Gorman HS 1 - Butler HS 0 |
BOTTOM OF THE 4TH |
Butler HS Golden Tornado batting - Pitching for Bishop Gorman HS : RHP Bryan Bray
|
Batting: SHB Bruce MacPherson
|
0-0: Called Strike 0-1: Ball 1-1: Foul Ball, location: 2F 1-2: Ground out 5-3 (Groundball, 5S)
|
Batting: LHB Curtis Hudson
|
0-0: Ball 1-0: Ball 2-0: Called Strike 2-1: Ball 3-1: Ground out 5-3 (Groundball, 56S)
|
Batting: LHB Dave Reynolds
|
0-0: Ball 1-0: Ball 2-0: Ball 3-0: Called Strike 3-1: Foul Ball, location: 2F 3-2: Base on Balls
|
Batting: RHB José López
|
0-0: Swinging Strike 0-1: Ball 1-1: Ball 2-1: Swinging Strike 2-2: Ball 3-2: Fly out, F6 (Popup, 56)
|
Bottom of the 4th over - 0 run(s), 0 hit(s), 0 error(s), 1 left on base; Bishop Gorman HS 1 - Butler HS 0 |
TOP OF THE 5TH |
Bishop Gorman HS batting - Pitching for Butler HS Golden Tornado : RHP Matt Hoffman
|
Batting: RHB Andy Johnston
|
0-0: Swinging Strike 0-1: Swinging Strike 0-2: Ball 1-2: Strikes out swinging
|
Pitching: RHP Bill Hendricks
|
|
Batting: LHB Bill Green
|
0-0: Ball 1-0: Ball 2-0: Foul Ball, location: 2F 2-1: Called Strike 2-2: Ball 3-2: Foul Ball, location: 2F 3-2: Base on Balls
|
Batting: LHB Zhen-bang Rao
|
0-0: Called Strike 0-1: Ball 1-1: Foul Ball, location: 2F 1-2: Foul Ball, location: 2F 1-2: Ball 2-2: Ground out 4-3 (Groundball, 4M) Bill Green to second
|
Batting: RHB Bryan Martínez
|
0-0: Ball 1-0: Called Strike 1-1: Swinging Strike 1-2: Fly out, F8 (Flyball, 8RM)
|
Top of the 5th over - 0 run(s), 0 hit(s), 0 error(s), 1 left on base; Bishop Gorman HS 1 - Butler HS 0 |
BOTTOM OF THE 5TH |
Butler HS Golden Tornado batting - Pitching for Bishop Gorman HS : RHP Bryan Bray
|
Pitching: RHP Jon Glass
|
|
Batting: RHB Jimmy Myers
|
0-0: Called Strike 0-1: Fly out, F2 (Popup, 2RF)
|
Batting: RHB Eddie Woods
|
0-0: Foul Ball, location: 2F 0-1: Foul Ball, location: 2F 0-2: SINGLE (Groundball, 4MD)
|
Batting: LHB Byron McIlmoyle
|
0-0: Ball Eddie Woods steals 2nd base 1-0: Foul Ball, location: 2F 1-1: Foul Ball, location: 2F 1-2: Hit by Pitch
|
Batting: RHB Rafael Barajas
|
0-0: Called Strike 0-1: Ball 1-1: Called Strike 1-2: Strikes out swinging
|
Batting: LHB Jérémie Rivard
|
0-0: Called Strike 0-1: Fielders Choice at 2nd, U4 (Groundball, 4M)
|
Bottom of the 5th over - 0 run(s), 1 hit(s), 0 error(s), 2 left on base; Bishop Gorman HS 1 - Butler HS 0 |
TOP OF THE 6TH |
Bishop Gorman HS batting - Pitching for Butler HS Golden Tornado : RHP Bill Hendricks
|
Batting: RHB Gary Robinson
|
0-0: Called Strike 0-1: Ball 1-1: Foul Ball, location: 2F 1-2: Strikes out swinging
|
Batting: LHB Jean-Sébastien Beaudin
|
0-0: Swinging Strike 0-1: Ball 1-1: Foul Ball, location: 2F 1-2: Strikes out swinging
|
Batting: RHB Max Kimball
|
0-0: Called Strike 0-1: Foul Ball, location: 2F 0-2: Foul Ball, location: 2F 0-2: Ball 1-2: Reached on error, E6 (Groundball, 56)
|
Batting: RHB Steve Murphy
|
0-0: Ground out 6-3 (Groundball, 6)
|
Top of the 6th over - 0 run(s), 0 hit(s), 1 error(s), 1 left on base; Bishop Gorman HS 1 - Butler HS 0 |
BOTTOM OF THE 6TH |
Butler HS Golden Tornado batting - Pitching for Bishop Gorman HS : RHP Jon Glass
|
Batting: SHB Bruce MacPherson
|
0-0: Ball 1-0: Foul Ball, location: 2F 1-1: Called Strike 1-2: Ball 2-2: Foul Ball, location: 2F 2-2: Ball 3-2: Base on Balls
|
Batting: LHB Curtis Hudson
|
0-0: Ground out 5-3 (Groundball, 15S) Bruce MacPherson to second
|
Batting: LHB Dave Reynolds
|
0-0: Foul Ball, location: 2F 0-1: Ball 1-1: SINGLE (Line Drive, 78M) Bruce MacPherson to third
|
Batting: RHB José López
|
0-0: Ball 1-0: Ball 2-0: Swinging Strike 2-1: Foul Ball, location: 2F 2-2: Ball 3-2: Foul Ball, location: 2F 3-2: Foul Ball, location: 2F 3-2: SINGLE (Groundball, 25) (infield hit) Dave Reynolds to second
|
Batting: RHB Jimmy Myers
|
0-0: Fly out, F2 (Popup, 2LF)
|
Batting: RHB Eddie Woods
|
0-0: Swinging Strike 0-1: Ball 1-1: Swinging Strike 1-2: Strikes out swinging
|
Bottom of the 6th over - 0 run(s), 2 hit(s), 0 error(s), 3 left on base; Bishop Gorman HS 1 - Butler HS 0 |
TOP OF THE 7TH |
Bishop Gorman HS batting - Pitching for Butler HS Golden Tornado : RHP Bill Hendricks
|
Batting: LHB Jack Jefferson
|
0-0: Ball 1-0: Foul Ball, location: 2F 1-1: Ball 2-1: Ball 3-1: SINGLE (Groundball, 34D)
|
Batting: RHB Andy Johnston
|
0-0: Called Strike 0-1: Swinging Strike 0-2: Foul Ball, location: 2F 0-2: Ball 1-2: Strikes out swinging
|
Pitching: RHP Paul Gallagher
|
|
Batting: LHB Bill Green
|
0-0: Called Strike 0-1: Called Strike Jack Jefferson steals 2nd base 0-2: Strikes out swinging
|
Batting: LHB Zhen-bang Rao
|
0-0: Called Strike 0-1: Ball 1-1: Ground out 1-3 (Groundball, 13S)
|
Top of the 7th over - 0 run(s), 1 hit(s), 0 error(s), 1 left on base; Bishop Gorman HS 1 - Butler HS 0 |
BOTTOM OF THE 7TH |
Butler HS Golden Tornado batting - Pitching for Bishop Gorman HS : RHP Jon Glass
|
Pitching: LHP Miguel Suárez
|
|
Batting: LHB Byron McIlmoyle
|
0-0: Ball 1-0: Called Strike 1-1: DOUBLE (Line Drive, 7LD)
|
Batting: RHB Rafael Barajas
|
0-0: Ball 1-0: Ball 2-0: Ball 3-0: Base on Balls
|
Batting: LHB Jérémie Rivard
|
0-0: Foul Ball, location: 2F 0-1: Swinging Strike 0-2: Foul Ball, location: 2F 0-2: Ball 1-2: Strikes out swinging
|
Pitching: LHP Tommy Campbell
|
|
Batting: SHB Bruce MacPherson
|
0-0: Called Strike Rafael Barajas is caught stealing 2nd base 0-1: Ball 1-1: Ground out 1-3 (Groundball, 25)
|
Bottom of the 7th over - 0 run(s), 1 hit(s), 0 error(s), 1 left on base; Bishop Gorman HS 1 - Butler HS 0 |
TOP OF THE 8TH |
Bishop Gorman HS batting - Pitching for Butler HS Golden Tornado : RHP Paul Gallagher
|
Batting: RHB Bryan Martínez
|
0-0: Ball 1-0: Ball 2-0: SINGLE (Line Drive, 34)
|
Batting: RHB Gary Robinson
|
0-0: Ball 1-0: Called Strike 1-1: Foul Ball, location: 2F 1-2: Ball 2-2: Ball 3-2: Strikes out swinging
|
Batting: LHB Jean-Sébastien Beaudin
|
0-0: Called Strike 0-1: Ball 1-1: Fly out, F3 (Popup, 3SF)
|
Batting: RHB Max Kimball
|
0-0: Swinging Strike 0-1: Ball 1-1: Ball 2-1: Ball 3-1: Base on Balls Bryan Martínez to second
|
Batting: RHB Steve Murphy
|
0-0: Called Strike 0-1: Ball 1-1: Foul Ball, location: 2F 1-2: Ball 2-2: Ball 3-2: SINGLE (Flyball, 89S) Bryan Martínez to third Max Kimball to second Bryan Martínez scores Max Kimball to third
|
Batting: LHB Jack Jefferson
|
0-0: Called Strike 0-1: Ball 1-1: Fly out, F7 (Popup, 7S)
|
Top of the 8th over - 1 run(s), 2 hit(s), 0 error(s), 2 left on base; Bishop Gorman HS 2 - Butler HS 0 |
BOTTOM OF THE 8TH |
Butler HS Golden Tornado batting - Pitching for Bishop Gorman HS : LHP Tommy Campbell
|
Now in CF: Darren Ramsey
|
|
Batting: LHB Curtis Hudson
|
0-0: Foul Ball, location: 2F 0-1: Ball 1-1: Swinging Strike 1-2: Fly out, F7 (Flyball, 7D)
|
Batting: LHB Dave Reynolds
|
0-0: Ball 1-0: Ball 2-0: Foul Ball, location: 2F 2-1: Ball 3-1: Foul Ball, location: 2F 3-2: Strikes out swinging
|
Batting: RHB José López
|
0-0: Ball 1-0: Called Strike 1-1: Ground out 5-3 (Groundball, 15S)
|
Bottom of the 8th over - 0 run(s), 0 hit(s), 0 error(s), 0 left on base; Bishop Gorman HS 2 - Butler HS 0 |
TOP OF THE 9TH |
Bishop Gorman HS batting - Pitching for Butler HS Golden Tornado : RHP Paul Gallagher
|
Pitching: RHP Jonathan Anderson
|
|
Batting: RHB Andy Johnston
|
0-0: Foul Ball, location: 2F 0-1: Ball 1-1: Called Strike 1-2: Strikes out swinging
|
Batting: LHB Bill Green
|
0-0: Called Strike 0-1: Ball 1-1: Foul Ball, location: 2F 1-2: Ball 2-2: Fly out, F8 (Flyball, 8LM)
|
Batting: LHB Zhen-bang Rao
|
0-0: Ball 1-0: Ground out 1-3 (Groundball, 15)
|
Top of the 9th over - 0 run(s), 0 hit(s), 0 error(s), 0 left on base; Bishop Gorman HS 2 - Butler HS 0 |
BOTTOM OF THE 9TH |
Butler HS Golden Tornado batting - Pitching for Bishop Gorman HS : LHP Tommy Campbell
|
Pitching: LHP Harry Gordon
|
|
Now at SS: Kent Bannatyne
|
|
Batting: RHB Jimmy Myers
|
0-0: DOUBLE (Line Drive, 7LS)
|
Batting: RHB Eddie Woods
|
0-0: Ball 1-0: Ball 2-0: Ball 3-0: Base on Balls
|
Batting: LHB Byron McIlmoyle
|
0-0: Sac Bunt - play at first, batter OUT! 1-3 Jimmy Myers to third Eddie Woods to second
|
Batting: RHB Rafael Barajas
|
0-0: Called Strike 0-1: Called Strike 0-2: Ball 1-2: Foul Ball, location: 2F 1-2: Strikes out looking
|
Batting: LHB Jérémie Rivard
|
0-0: Called Strike 0-1: Ball 1-1: Swinging Strike 1-2: Ball 2-2: Strikes out looking
|
Bottom of the 9th over - 0 run(s), 1 hit(s), 0 error(s), 2 left on base; Bishop Gorman HS 2 - Butler HS 0 |
|